 Dungeon Crawl Stone Soup version 0.29-a0-284-gf9362112df (webtiles) character file.

Game seed: 11949615200719352110

154 sylnyx the Bolt Thrower (level 5, -2/38 HPs)
             Began as a Demonspawn Hunter on Mar 26, 2022.
             Slain by an iguana (8 damage)
             ... on level 4 of the Dungeon.
             The game lasted 00:19:13 (4726 turns).

sylnyx the Bolt Thrower (Demonspawn Hunter)         Turns: 4726, Time: 00:19:14

Health: -2/38      AC:  8    Str: 11    XL:     5   Next: 13%
Magic:  5/5        EV:  9    Int: 11    God:
Gold:   133        SH:  4    Dex: 18    Spells: 4/4 levels left

rFire   . . .      SeeInvis .   b - +2 dagger (vamp)
rCold   . . .      Faith    .   (no shield)
rNeg    . . .      Spirit   .   l - +0 scale mail
rPois   .          Reflect  .   (no helmet)
rElec   .          Harm     .   (no cloak)
rCorr   .          Rampage  .   (no gloves)
Will    .....                   (no boots)
Stlth   +.........              (no amulet)
HPRegen 0.12/turn               (no ring)
MPRegen 0.09/turn               (no ring)

@: no status effects
A: yellow scales 1, condensation shield
a: no special abilities


You were on level 4 of the Dungeon.
You visited 2 branches of the dungeon, and saw 6 of its levels.

You collected 133 gold pieces.

Inventory:

Hand Weapons
 a - a +1 hand crossbow
 b - a +2 vampiric dagger (weapon)
 m - a +2 dagger of draining
 r - a +0 hunting sling
Missiles
 f - 14 poisoned darts
 i - 74 stones
Armour
 j - a +0 leather armour
 l - a +0 scale mail (worn)
 p - a +0 helmet
Magical Staves
 k - a staff of death
Wands
 u - a wand of flame (14)
Scrolls
 c - a scroll of immolation
 d - 3 scrolls of holy word
 g - a scroll of teleportation
 o - a scroll of identify
Potions
 e - 2 potions of ambrosia
 h - 2 potions of berserk rage {unknown}
 n - 2 potions of lignification {unknown}
 q - a potion of flight {unknown}
 s - 2 potions of resistance {unknown}
 t - a potion of might {unknown}


   Skills:
 + Level 2.2 Fighting
 + Level 1.0 Short Blades
 + Level 4.9 Crossbows
 + Level 1.5 Armour
 + Level 2.2 Dodging
 + Level 1.0 Stealth
 + Level 0.7 Shields


You had 4 spell levels left.
You didn't know any spells.
Your spell library contained the following spells:

 Spells                   Type           Power      Damage    Failure   Level
 Beastly Appendage        Tmut           0%         N/A       91%         1
 Call Imp                 Summ           0%         N/A       97%         2
 Wereblood                Tmut           0%         N/A       97%         2
 Spider Form              Tmut/Pois      0%         N/A       99%         3
 Summon Lightning Spire   Summ/Air       0%         N/A       100%        4
 Haunt                    Necr/Summ      0%         N/A       100%        7
 Summon Hydra             Summ           0%         N/A       100%        7


Dungeon Overview and Level Annotations

Branches:
Dungeon (5/15)             Temple (1/1) D:4

Altars:
Ashenzari
Fedhas
Gozag
Hepliaklqana
Kikubaaqudgha
Okawaru
Qazlal
Ru
Sif Muna
Trog
Uskayaw
Vehumet
Wu Jian
Xom

Shops:
D:3 (

Annotations:
D:3 2 transporters, siradein's ghost, amateur TrFi


Innate Abilities, Weirdness & Mutations

You are partially covered in yellow scales. (AC +2)
A meltable shield of frost defends you. (SH +4)


Message History

You hit the iguana but do no damage. The iguana bites you.
You hit the iguana but do no damage. The iguana bites you.
You barely miss the iguana.
The iguana bites you but does no damage.
You closely miss the iguana. The iguana barely misses you.
You hit the iguana.
The iguana is lightly wounded.
The iguana bites you but does no damage.
You hit the iguana.
You feel better.
The iguana is lightly wounded.
The iguana bites you!
You hit the iguana.
The iguana is moderately wounded.
The iguana bites you!
* * * LOW HITPOINT WARNING * * *
You hit the iguana.
You feel better.
The iguana is heavily wounded.
The iguana bites you.
* * * LOW HITPOINT WARNING * * *
You hit the iguana.
The iguana is severely wounded.
The iguana bites you.
* * * LOW HITPOINT WARNING * * *
You hit the iguana but do no damage.
The iguana is severely wounded.
The iguana bites you.
* * * LOW HITPOINT WARNING * * *
You hit the iguana.
You feel better.
The iguana is severely wounded.
You block the iguana's attack.
You hit the iguana but do no damage.
The iguana is severely wounded.
The iguana barely misses you.
You hit the iguana but do no damage.
The iguana is severely wounded.
The iguana barely misses you.
You barely miss the iguana.
The iguana is severely wounded.
The iguana bites you!
You die...

..# ..#
##. #..
.... ##
#.# ....
.. #.##..#
#.##.#...#
#..l.)..#
#@# #.#
... #..#.
#..#.#
...# .
.### .. #.
##


You could see an iguana.

Vanquished Creatures
  Jessica (D:2)
  Terence (D:3)
  4 adders
  An ufetubus (D:4)
  A worm (D:2)
  2 dart slugs
  An orc (D:3)
  6 ball pythons
  2 bats
  10 endoplasms
  A giant cockroach (D:2)
  4 goblins
  5 hobgoblins
  2 quokkas
  4 frilled lizards
  9 kobolds
  A rat (D:2)
  A spectral hobgoblin (D:3)
56 creatures vanquished.

Vanquished Creatures (others)
  4 plants (D:2)
4 creatures vanquished.

Grand Total: 60 creatures vanquished

Notes
Turn   | Place    | Note
-------+----------+-------------------------------------------
     0 | D:1      | sylnyx the Demonspawn Hunter began the quest for the Orb.
     0 | D:1      | Reached XP level 1. HP: 16/16 MP: 1/1
   397 | D:1      | Reached skill level 4 in Crossbows
   397 | D:1      | Gained mutation: A meltable shield of frost defends you.
                  | (SH +4) [demonic ancestry]
   397 | D:1      | Reached XP level 2. HP: 22/22 MP: 2/2
  1171 | D:2      | Found a faded altar of an unknown god.
  1258 | D:2      | Gained mutation: You are partially covered in yellow
                  | scales. (AC +2) [demonic ancestry]
  1258 | D:2      | Reached XP level 3. HP: 27/27 MP: 3/3
  1917 | D:2      | Noticed Jessica
  1936 | D:2      | Killed Jessica
  1937 | D:2      | Reached skill level 1 in Armour
  1937 | D:2      | Reached skill level 1 in Stealth
  1937 | D:2      | Reached XP level 4. HP: 32/33 MP: 4/4
  2452 | D:2      | Got Sif Muna's Catalogue of Illusion
  2917 | D:3      | Found a hazy altar of Hepliaklqana.
  2973 | D:3      | Noticed a kobold brigand
  2975 | D:3      | Noticed siradein's ghost (amateur TrFi)
  2980 | D:3      | Found a transporter.
  3350 | D:3      | Noticed Terence
  3378 | D:3      | Killed Terence
  3379 | D:3      | Reached skill level 1 in Short Blades
  3661 | D:3      | Found Utricait's Antique Weapon Shoppe.
  3897 | D:3      | Found a transporter.
  4007 | D:3      | Reached XP level 5. HP: 38/38 MP: 5/5
  4223 | D:4      | Found a staircase to the Ecumenical Temple.
  4243 | Temple   | Entered the Ecumenical Temple
  4519 | D:4      | Noticed a steam dragon
  4549 | D:5      | Entered Level 5 of the Dungeon
  4633 | D:5      | Noticed a sky beast
  4726 | D:4      | Slain by an iguana

Illustrated notes

Levels and vault maps discovered:
D:1:      arrival_zaba_pyramid, layout_basic
D:2:      minmay_recursive_quarters, layout_loops_ring,
          ebering_ecumenical_altar_petrified, serial_bayou_ford_a, uniq_jessica
D:3:      layout_basic, nicolae_hepliaklqana_monster_ancestors, serial_shops,
          nicolae_shop_temple_entry_statues_fountains, gammafunk_ghost_arena,
          amcnicky_mini_rare_corridor_liquid, uniq_terence
D:4:      layout_loops_ring, yredelemnul_forgotten_temple_becter,
          mainiacjoe_overflow_paths, kennysheep_little_box,
          minmay_temple_entry_crystal_x, minmay_misc_feat_secret_circle,
          minmay_diced_spiral
D:5:      layout_loops_ring, mainiacjoe_overflow_catwalk, ebering_ghost_sewer_f,
          nicolae_shop_clearance, uniq_eustachio
Temple:   dshaligram_water_room_temple

Skill      XL: |  1  2  3  4 |
---------------+-------------+-----
Crossbows      | 4 |  4.9
Dodging        | 2 |  2.2
Armour         | 1 |  1.5
Stealth        | 1 |  1.0
Short Blades   | 1 |  1.0
Fighting       | |  2.2
Shields        | |  0.7

Action                   |  1- 3 |  4- 6 || total
-------------------------+-------+-------++-------
Melee: Dagger            |    38 |    93 ||   131
       Punch             |       |     1 ||     1
 Fire: Hand crossbow     |    38 |    43 ||    81
  Use: Scroll            |       |     3 ||     3
Armor: Scale mail        |    22 |    36 ||    58
Dodge: Dodged            |    29 |    35 ||    64
Block: Other             |    15 |    14 ||    29

Table legend: (Time is in decaauts)
 A = Elapsed time spent in this place.
 B = Non-inter-level travel time spent in this place.
 C = Inter-level travel time spent in this place.
 D = Time resting spent in this place.
 E = Time spent auto-exploring this place.
 F = Levels seen in this place.
 G = Mean time per level.
                   A        B        C        D        E       F      G
               +--------+--------+--------+--------+--------+-----+--------+
         Total |   4745 |   4336 |    409 |   1204 |   1284 |   6 |  790.8 |
       Dungeon |   4492 |   4100 |    392 |   1104 |   1284 |   5 |  898.4 |
        Temple |    252 |    235 |     17 |    100 |      0 |   1 |  252.0 |
               +--------+--------+--------+--------+--------+-----+--------+

Top non-repeatable levels by time:
     D:2: 1700 daAuts
     D:3: 1487 daAuts
     D:1: 1098 daAuts
  Temple: 252 daAuts
     D:4: 121 daAuts
     D:5: 85 daAuts
